 Dungeon Crawl Stone Soup version 0.16-a0-66-gff12a3a (webtiles) character file.

436644 Crauler the Metallomancer (level 24, -4/140 HPs)
             Began as a Gargoyle Earth Elementalist on Aug 4, 2014.
             Was the Champion of Vehumet.
             Slain by an acid blob (30 damage)
             ... on Level 6 of the Pits of Slime on Aug 7, 2014.
             The game lasted 08:41:39 (65111 turns).

Crauler the Metallomancer (GrEE)                   Turns: 65111, Time: 08:41:40

HP  -4/140       AC  2     Str 16      XL: 24   Next:  2%
MP   5/55        EV 18     Int 35      God: Vehumet [******]
Gold 2793        SH 15     Dex 16      Spells: 11 memorised,  5 levels left

rFire  . . .     SeeInvis .     p - staff of earth
rCold  + + .     Clarity  .     b - +4 faerie dragon armour {rN+ MP+7 Int-1 Slay+4}
rNeg   + + .     rCorr    +     S - +1 shield of Whack-A-Mole {rElec rC++}
rPois  +         rRot     +     T - +1 hat {Int+3}
rElec  +         Spirit   .     B - -4 cloak of Jashuc {Slay+5}
SustAb .         Warding  .     M - -3 pair of gloves of Eternal Night {Str+2 Dex+2 Curse}
rMut   .         Stasis   .     O - +2 pair of boots {Stlth+}
Gourm  .                        u - amulet of resist corrosion
MR     ++...                    h - +5 ring of intelligence
                                y - ring of Departure {MP+9 Str+2 Int+2}

@: about to teleport, corroded equipment, flying, very resistant to hostile
enchantments, unstealthy
A: able to fly continuously, big wings, agile 1, blurry vision 1, magic
resistance 1, negative energy resistance 1, shaggy fur 1, electricity
resistance, unbreathing, petrification resistance, rot immunity, AC +17
a: Stop Flying, Renounce Religion
}: 2/15 runes: decaying, gossamer


You were on level 6 of the Pits of Slime.
You worshipped Vehumet.
Vehumet was exalted by your worship.
You were hungry.

You visited 9 branches of the dungeon, and saw 52 of its levels.
You also visited: Labyrinth, Trove and Bailey.

You collected 5860 gold pieces.
You spent 3067 gold pieces at shops.

Inventory:

Hand weapons
 q - the +7 lajatang of Order {silver, rMut}
   (You found it in a treasure trove)
 P - the +2 long sword of Discomfort {freeze, Int+2 SInv Stlth---}
   (You found it in a bailey)

   It has been specially enchanted to freeze those struck by it, causing extra
   injury to most foes and up to double damage against particularly susceptible
   opponents.
   It can also slow down cold-blooded creatures.
   It affects your intelligence (+2).
   It enhances your eyesight.
   It makes you much less stealthy.
Armour
 b - the +4 faerie dragon armour (worn) {rN+ MP+7 Int-1 Slay+4}
   (You took it off the Enchantress on level 5 of the Depths)

   It affects your intelligence (-1).
   It affects your accuracy and damage with ranged weapons and melee attacks
   (+4).
   It protects you from negative energy.
   It affects your magic capacity (+7).
 B - the -4 cloak of Jashuc (worn) {Slay+5}
   (You found it on level 9 of the Dungeon)

   It affects your accuracy and damage with ranged weapons and melee attacks
   (+5).
 M - the -3 pair of gloves of Eternal Night (worn) {Str+2 Dex+2 Curse}
   (You found it in a labyrinth)

   It affects your strength (+2).
   It affects your dexterity (+2).
   It may recurse itself when equipped.
 O - a +2 pair of boots of stealth (worn)
 S - the +1 shield of Whack-A-Mole (worn) {rElec rC++}
   (You acquired it on level 4 of the Swamp)

   It greatly protects you from cold.
   It insulates you from electricity.
 T - a +1 hat of intelligence (worn)
Magical devices
 C - a wand of invisibility (1)
 F - a wand of heal wounds (0)
 H - a wand of teleportation (2)
Comestibles
 a - 27 bread rations
 i - 25 meat rations
 j - 5 royal jellies
 D - 7 beef jerkies
Scrolls
 c - 11 scrolls of recharging
 e - 6 scrolls of magic mapping
 f - 4 scrolls of fog
 k - 16 scrolls of teleportation
 s - 9 scrolls of identify
 w - 6 scrolls of remove curse
 x - 2 scrolls of enchant armour
 z - 2 scrolls of holy word
 L - 5 scrolls of vulnerability
 U - 3 scrolls of fear
Jewellery
 h - a +5 ring of intelligence (right hand)
 u - an amulet of resist corrosion (around neck)
 y - the ring of Departure (left hand) {MP+9 Str+2 Int+2}
   (You found it in a labyrinth)

   [ring of magical power]

   It affects your strength (+2).
   It affects your intelligence (+2).
   It affects your magic capacity (+9).
 I - an uncursed amulet of stasis
 J - an uncursed ring of teleportation
 V - the amulet of Icu Muca {rMut Str+3}
   (You took it off a deep elf death mage on level 3 of the Elven Halls)

   [amulet of resist mutation]

   It protects you from mutation.
   It affects your strength (+3).
Potions
 g - 4 potions of haste
 m - 2 potions of invisibility
 n - 4 potions of brilliance
 o - 11 potions of curing
 r - a potion of porridge
 t - a potion of magic
 v - 2 potions of agility
 A - 3 potions of cure mutation
 N - a potion of resistance
 Q - 6 potions of might
 R - 6 potions of restore abilities
 W - 6 potions of cancellation
Books
 d - a book of Wizardry

   Spells                             Type                      Level
   Agony                              Necromancy                   5
   Force Lance                        Conjuration                  5
   Dispersal                          Translocation                6
   *Haste                             Charms                       6
   Invisibility                       Hexes                        6
   Spellforged Servitor               Conjuration/Summoning        7
Magical staves
 p - an uncursed staff of earth (weapon)
Miscellaneous
 Z - a fan of gales


   Skills:
 + Level 11.3 Fighting
 - Level 12.1 Staves
 + Level 10.6 Dodging
 - Level 2.1 Stealth
 - Level 15.5 Shields
 - Level 18.0 Spellcasting
 - Level 16.0 Conjurations
 - Level 9.1 Charms
 - Level 0.7 Transmutations
 - Level 4.0 Air Magic
 * Level 23.6 Earth Magic
 - Level 6.0 Evocations


You had 5 spell levels left.
You knew the following spells:

 Your Spells              Type           Power        Failure   Level  Hunger
a - Bolt of Magma         Conj/Fire/Erth ########..   1%          5    None
b - Haste                 Chrm           #######.     4%          6    None
d - Stoneskin             Trmt/Erth      ########     0%          2    None
e - Passwall              Trmt/Erth      ########..   1%          3    None
f - Petrify               Trmt/Erth      ########     1%          4    None
g - Iron Shot             Conj/Erth      ########..   1%          6    None
h - Blink                 Tloc           N/A          1%          2    None
i - Deflect Missiles      Chrm/Air       #####.....   12%         6    None
j - Regeneration          Chrm/Necr      ######....   1%          3    None
k - Lehudib's Crystal Sp  Conj/Erth      ########..   1%          8    #####..
l - Shatter               Erth           ########..   2%          9    ######.


Dungeon Overview and Level Annotations

Branches:
Dungeon (15/15)            Temple (1/1) D:4             Orc (4/4) D:10
    Elf (3/3) Orc:4          Lair (8/8) D:8           Swamp (5/5) Lair:4
 Spider (5/5) Lair:6        Slime (6/6) Lair:7       Vaults (0/5) D:14
 Depths (5/5) D:15            Zot (0/5) Depths:5

Altars:
Ashenzari
Cheibriados
Dithmenos
Elyvilon
Fedhas
Gozag
Kikubaaqudgha
Makhleb
Nemelex Xobeh
Okawaru
Qazlal
Sif Muna
Trog
Vehumet
Xom
Yredelemnul
Zin
The Shining One
Beogh
Jiyva

Shops:
D:6 [   D:7 :   D:8 !   D:9 !?([}   Orc:4 =*[   Depths:1 *

Portals:
Hell: Depths:1 Depths:2 Depths:3 Depths:4 Depths:5
Abyss: Depths:2 Depths:4
Pandemonium: Depths:3 Depths:4 Depths:5
Ziggurat: Depths:2


Innate Abilities, Weirdness & Mutations

You are resistant to torment.
You are immune to poison.
You can fly continuously.
Your stone body is very resilient (AC +17).
Your wings are large and strong.
You resist negative energy.
You are resistant to electric shocks.
You can survive without breathing.
You are immune to petrification.
You are immune to rotting.
You are agile. (Dex +2)
Your vision is a little blurry.
You are resistant to hostile enchantments.
You are covered in fur (AC +1).


Message History

As you read the scroll of teleportation, it crumbles to dust.
You feel strangely unstable. The acid blob hits you!!
* * * LOW HITPOINT WARNING * * *
You are splashed with acid!
The acid burns!
You resist.
* * * LOW HITPOINT WARNING * * *
The acid blob spits acid at you. The splash of acid hits you! You resist.
The acid burns!
You resist.
* * * LOW HITPOINT WARNING * * *
x2 A great orb of eyes comes into view.
Unknown command.
Unknown command.
Drink which item? (? for menu, Esc to quit)
You feel much better. The acid blob spits acid at you.
The splash of acid hits you! You resist.
The acid burns!
You resist.
* * * LOW HITPOINT WARNING * * *
x2 The acid blob spits acid at you.
The splash of acid misses you.
The splash of acid hits the acid blob.
The acid blob completely resists.
The acid blob hits you!!
You die...

..# #...............
....##................
............G.........
.........<.............
.......................
...............J.......#
....................###?
....................##((/#
..............@...###$)(##.
.............J..###!}))!##.
..............J###$?))##..#
...............###?/#}#.##
........JJ..########..#
.............#...#....#
.......J...#.J.#..J.J..
..........########..##
........####[)#}#.##


You could see 4 acid blobs, a great orb of eyes and 2 slime creatures.

Vanquished Creatures
  the royal jelly (Slime:6)
  Norris (Depths:2)
  3 golden dragons
  Jory (Depths:4)
  the Enchantress (Depths:5)
  3 liches
  2 tentacled monstrosities (Depths:4)
  A quicksilver dragon (Depths:4)
  A deep elf blademaster (Elf:3)
  A titan (Depths:4)
  A deep elf master archer (Elf:3)
  A storm dragon (Depths:4)
  3 octopode crushers (Depths:3)
  14 acid blobs
  2 sphinxes
  Agnes (Spider:3)
  Frances (D:15)
  2 thorn hunters
  4 tengu reavers
  Kirke (Spider:5)
  5 azure jellies
  6 draconian monks (Depths:5)
  5 ghost moths (Spider:5)
  Wiglaf (Depths:3)
  Maud (Lair:5)
  2 orc warlords
  An iron dragon (Depths:4)
  Aizul (Spider:1)
  9 emperor scorpions
  4 frost giants
  3 fire giants
  5 deep elf sorcerers
  Gastronok (Lair:1)
  A draconian zealot (Depths:5)
  A reaper (Depths:3)
  3 draconian annihilators (Depths:5)
  3 deep elf demonologists
  2 spriggan defenders (Depths:5)
  4 green draconians (Depths:5)
  5 very ugly things
  15 stone giants
  5 deep elf annihilators
  5 black draconians (Depths:5)
  3 dire elephants
  6 red draconians (Depths:5)
  3 white draconians (Depths:5)
  3 pale draconians (Depths:5)
  2 purple draconians (Depths:5)
  A vampire knight (Depths:3)
  The ghost of Armakuni the Carver, a powerful HuFi of Okawaru (Orc:4)
  3 minotaurs
  A merfolk javelineer (Depths:3)
  10 death oozes
  4 ettins
  4 deep elf death magi
  5 vault guards (Depths:3)
  2 green deaths (Swamp:5)
  9 fire dragons
  A merfolk impaler (Depths:4)
  9 great orbs of eyes
  6 yaktaur captains
  4 rakshasas
  2 deep elf high priests (Elf:3)
  Harold (Lair:7)
  18 hydras
  3 spriggan air magi
  Nessos (D:15)
  A hydra (shapeshifter) (Depths:5)
  6 ogre magi
  9 centaur warriors
  3 shambling mangroves
  15 ice dragons
  Erica (Lair:6)
  7 deep troll shamans
  8 alligators
  7 deep troll earth magi
  5 tengu warriors
  A vampire mage (Depths:2)
  A thrashing horror (Swamp:5)
  13 death yaks
  5 orc high priests
  7 spriggan berserkers
  The ghost of BluebellGnoll the Grappler, an experienced TrHu of Okawaru (Bailey)
  A soul eater (Depths:3)
  4 catoblepae
  The ghost of Qrupt the Basher, an experienced HOCK of Xom (D:8)
  Nergalle (Lair:8)
  3 shadow wraiths (Depths:3)
  A sun demon (Depths:5)
  A fire crab (Lair:7)
  3 iron trolls
  3 orb spiders (shapeshifter)
  2 ice devils
  A golden dragon zombie (Depths:3)
  4 skeletal warriors (D:14)
  12 hell knights
  A death drake (Swamp:4)
  18 deep elf knights
  3 wizards (Elf:3)
  18 orb spiders
  2 spectral hydras (Swamp:4)
  10 swamp dragons
  Erolcha (D:8)
  18 deep trolls
  15 hill giants
  3 large abominations
  4 unseen horrors
  12 deep elf summoners
  3 flayed ghosts
  3 ugly thing zombies (Depths:2)
  2 necromancers
  3 orc knights (Orc:4)
  8 lindwurms
  A torturous demonspawn (Depths:5)
  5 phantasmal warriors
  30 ugly things
  14 deep elf conjurers
  3 shining eyes
  4 harpies (D:14)
  An iron dragon zombie (Depths:3)
  30 wolf spiders
  A red wasp (shapeshifter) (Depths:4)
  An oklob plant (Lair:4)
  3 griffons
  4 orc sorcerers (Orc:4)
  3 manticores
  5 moths of wrath
  7 red wasps
  6 elephants
  Maurice (D:8)
  A cyclops (Orc:4)
  3 black mambas
  A black mamba (shapeshifter) (D:15)
  3 eyes of devastation
  3 gargoyles
  A smoke demon (Depths:3)
  A spiny frog (shapeshifter) (Elf:1)
  5 torpor snails
  A feature mimic (Orc:4)
  5 orange demons
  19 spiny frogs
  2 centaur skeletons (D:15)
  An iron devil (Depths:1)
  6 komodo dragons
  An iron troll zombie (Depths:2)
  A fire drake (Lair:6)
  A death yak zombie (Depths:1)
  13 yaktaurs
  A red draconian zombie (Depths:5)
  A swamp worm zombie (Swamp:4)
  11 demonic crawlers
  A kobold demonologist (D:13)
  A freezing wraith (Depths:3)
  8 deep elf priests
  A blue devil (Depths:4)
  A komodo dragon (shapeshifter) (Depths:1)
  7 tengu conjurers
  3 hellwings
  3 red devils
  14 two-headed ogres
  8 spriggan druids
  11 giant leeches
  3 hell beasts
  10 polar bears
  6 trolls
  5 wandering mushrooms (Lair:3)
  A troll (shapeshifter) (D:15)
  Sonja (D:10)
  3 wind drakes (Depths:5)
  A jumping spider (shapeshifter) (D:15)
  A slime creature (shapeshifter) (Depths:2)
  24 ravens
  24 jumping spiders
  2 boulder beetles
  A griffon zombie (D:12)
  A deep troll zombie (Depths:2)
  13 blink frogs
  27 bog bodies
  2 alligator zombies (Swamp:4)
  4 spectral swamp dragons (Swamp:4)
  89 slime creatures
  4 baby alligators (Swamp:1)
  6 basilisks
  A fire dragon zombie (Depths:2)
  A fire giant simulacrum (Depths:3)
  6 shadows
  54 redbacks
  14 water elementals
  A griffon skeleton (D:15)
  3 air elementals (Depths:2)
  A wyvern (D:8)
  6 wraiths
  13 hippogriffs
  24 spriggans
  18 deep elf magi
  A vampire (Depths:1)
  5 giant leech zombies (Swamp:4)
  4 hogs (Spider:5)
  24 tarantellas
  A hill giant zombie (D:15)
  2 fire bats (Depths:1)
  14 trapdoor spiders
  A trapdoor spider (shapeshifter) (D:15)
  Grum (D:8)
  A hungry ghost (D:8)
  54 yaks
  A hill giant skeleton (D:12)
  A soldier ant (D:13)
  34 wolves
  32 swamp worms
  10 deep elf fighters
  3 wargs
  19 vampire mosquitoes
  20 water moccasins
  2 spiny frog zombies (Swamp:4)
  15 swamp drakes
  6 porcupines
  17 spiders
  2 mottled dragons (D:15)
  5 sky beasts
  4 ice beasts
  17 yellow wasps
  5 black bears
  A yellow wasp (shapeshifter) (Elf:2)
  34 ogres
  22 centaurs
  A manticore skeleton (D:13)
  3 phantoms
  52 orc warriors
  13 boggarts
  A boring beetle (Lair:5)
  A lost soul (Elf:3)
  A brain worm (shapeshifter) (D:15)
  12 crocodiles
  A big kobold (D:10)
  Blork the orc (D:6)
  29 giant frogs
  3 scorpions (Spider:5)
  22 insubstantial wisps
  18 killer bees
  A hippogriff zombie (D:12)
  An eye of draining (D:13)
  A tengu zombie (D:13)
  2 troll zombies (Swamp:4)
  A hippogriff skeleton (D:9)
  2 electric eels
  7 crimson imps
  A giant frog zombie (D:5)
  20 jellies
  15 hounds
  Crazy Yiuf (D:7)
  31 orc priests
  A giant frog skeleton (D:5)
  9 iguanas
  3 orange rats
  8 worker ants
  25 orc wizards
  A two-headed ogre skeleton (D:11)
  19 sheep
  2 ogre zombies
  Ijyb (D:2)
  A big kobold skeleton (D:11)
  Terence (D:2)
  A mummy (D:8)
  2 worker ant zombies
  3 gnolls (D:4)
  22 adders
  41 green rats
  2 orc zombies
  5 shadow imps
  An inept item mimic (D:9)
  2 worms
  3 white imps (D:12)
  An adder skeleton (D:7)
  5 giant geckos
  3 oozes
  212 orcs
  A bat skeleton (D:7)
  22 hobgoblins
  7 jackals
  19 quokkas
  2 ball pythons
  18 bats
  5 giant cockroaches
  5 giant newts
  A giant spore (D:11)
  17 goblins
  3 goblin skeletons
  A hobgoblin skeleton (D:7)
  16 kobolds
  2 orc skeletons
  13 rats
  2 ballistomycetes (D:11)
  2 briar patches (Swamp:5)
  2 fungi
  4 plants
2229 creatures vanquished.

Vanquished Creatures (others)
  A giant leech (Swamp:4)
  A human (Spider:5)
  A lost soul (Elf:3)
  5 sheep (Lair:4)
  A green rat (Lair:7)
  3 fungi
  2 plants (Depths:4)
  6 toadstools (Swamp:3)
20 creatures vanquished.

Grand Total: 2249 creatures vanquished

Notes
Turn   | Place    | Note
--------------------------------------------------------------
     0 | D:1      | Crauler, the Gargoyle Earth Elementalist, began the quest for the Orb.
     0 | D:1      | Reached XP level 1. HP: 10/10 MP: 3/3
   381 | D:1      | Reached XP level 2. HP: 12/15 MP: 1/4
   453 | D:1      | Reached skill level 4 in Earth Magic
   871 | D:1      | Reached XP level 3. HP: 2/19 MP: 0/6
  1433 | D:2      | Noticed Ijyb
  1487 | D:2      | Killed Ijyb
  1493 | D:2      | Learned a level 3 spell: Stone Arrow
  1493 | D:2      | Upgraded the game from 0.16-a0-38-g23a437e to 0.16-a0-44-gd96af6c
  1660 | D:2      | Reached XP level 4. HP: 24/24 MP: 5/8
  1849 | D:2      | Noticed Terence
  1868 | D:2      | Killed Terence
  1891 | D:2      | Reached skill level 1 in Conjurations
  2554 | D:3      | Found an opulent altar of Gozag.
  2566 | D:3      | Found a deep blue altar of Sif Muna.
  2893 | D:3      | Reached skill level 1 in Fighting
  3268 | D:3      | Reached skill level 5 in Earth Magic
  3307 | D:4      | Reached XP level 5. HP: 29/29 MP: 7/9
  3475 | D:4      | Found a stormy altar of Qazlal.
  3508 | D:4      | Noticed an ogre
  3516 | D:4      | Killed an ogre
  3623 | D:4      | Found a staircase to the Ecumenical Temple.
  3629 | Temple   | Entered the Ecumenical Temple
  3668 | Temple   | Became a worshipper of Vehumet
  3713 | D:4      | Reached XP level 6. HP: 35/35 MP: 2/13
  4627 | D:5      | Entered Level 5 of the Dungeon
  4764 | D:5      | Reached XP level 7. HP: 35/40 MP: 1/15
  4806 | D:5      | Acquired Vehumet's first power
  4806 | D:5      | Offered knowledge of Freeze by Vehumet.
  4806 | D:5      | Reached skill level 6 in Earth Magic
  4885 | D:5      | Found a glowing golden altar of the Shining One.
  5246 | D:4      | HP: 2/40 [killer bee (6)]
  5456 | D:5      | Learned a level 5 spell: Lee's Rapid Deconstruction
  5459 | D:5      | Learned a level 2 spell: Stoneskin
  5463 | D:5      | Learned a level 3 spell: Passwall
  5507 | D:5      | Reached skill level 7 in Earth Magic
  5583 | D:5      | Reached XP level 8. HP: 45/45 MP: 11/18
  5901 | D:6      | Noticed Blork the orc
  5909 | D:6      | Killed Blork the orc
  6096 | D:6      | Found Hucibb's Antique Armour Boutique.
  6177 | D:6      | Offered knowledge of Flame Tongue by Vehumet.
  6334 | D:6      | Reached skill level 5 in Spellcasting
  6874 | D:7      | Reached skill level 8 in Earth Magic
  7105 | D:7      | Reached XP level 9. HP: 50/52 MP: 10/21
  7230 | D:7      | Found Jawn's Book Shop.
  7270 | D:7      | Found a blossoming altar of Fedhas.
  7604 | D:7      | Reached skill level 9 in Earth Magic
  7649 | D:7      | Found an iron altar of Okawaru.
  7671 | D:7      | Offered knowledge of Searing Ray by Vehumet.
  7799 | D:7      | Noticed Crazy Yiuf
  7803 | D:7      | Killed Crazy Yiuf
  7884 | D:7      | Reached skill level 5 in Conjurations
  8123 | D:8      | Noticed Grum
  8130 | D:8      | Killed Grum
  8148 | D:8      | Acquired Vehumet's second power
  8171 | D:8      | Reached skill level 5 in Fighting
  8224 | D:8      | Noticed Qrupt's ghost (experienced HOCK)
  8334 | D:8      | Got a smoking cutlass
  8335 | D:8      | Identified the cursed +0 cutlass of the Iron City of Dis {flame, rC++ Int-1 SInv} (You found it on level 8 of the Dungeon)
  8349 | D:8      | Reached skill level 10 in Earth Magic
  8349 | D:8      | Reached XP level 10. HP: 59/59 MP: 19/24
  8417 | D:8      | Found a staircase to the Lair.
  8486 | D:8      | Noticed Maurice
  8495 | D:8      | Killed Maurice
  8707 | D:8      | Noticed Erolcha
  8714 | D:8      | Killed Erolcha
  8976 | D:8      | Found Yloclumm's Distillery.
  9407 | D:8      | Bought a potion of confusion for 12 gold pieces
  9407 | D:8      | Bought a potion of heal wounds for 36 gold pieces
  9407 | D:8      | Bought a potion of curing for 24 gold pieces
  9689 | D:9      | Found Mamena's Weapon Shop.
  9736 | D:9      | Found a basalt altar of Yredelemnul.
  9789 | D:9      | Found Fenux's Armour Shop.
  9812 | D:9      | Found Ythifriann's Gadget Shoppe.
  9834 | D:9      | Found Iciban's Magic Scroll Boutique.
  9840 | D:9      | Bought a scroll of blinking for 112 gold pieces
  9840 | D:9      | Bought a scroll of teleportation for 45 gold pieces
  9840 | D:9      | Bought a scroll of teleportation for 45 gold pieces
  9875 | D:9      | Found Tetwink's Distillery.
  9995 | D:9      | Reached skill level 5 in Dodging
 10242 | D:10     | Entered Level 10 of the Dungeon
 10250 | D:10     | Offered knowledge of Olgreb's Toxic Radiance by Vehumet.
 10519 | D:10     | Found a staircase to the Orcish Mines.
 10593 | D:10     | Reached skill level 11 in Earth Magic
 10705 | D:10     | Acquired Vehumet's third power
 10754 | D:10     | Reached XP level 11. HP: 40/66 MP: 3/27
 10837 | D:10     | Offered knowledge of Ignite Poison by Vehumet.
 11030 | D:10     | Noticed Sonja
 11101 | D:10     | Killed Sonja
 11111 | D:10     | Noticed an unseen horror
 11129 | D:10     | Killed an unseen horror
 11575 | D:11     | Found a flagged portal.
 11625 | Bailey   | Entered a bailey
 11653 | Bailey   | Reached skill level 12 in Earth Magic
 12032 | Bailey   | Noticed BluebellGnoll's ghost (experienced TrHu)
 12206 | Bailey   | Offered knowledge of Poison Arrow by Vehumet.
 13065 | Bailey   | Killed BluebellGnoll's ghost
 13243 | Bailey   | Noticed an orc knight
 13494 | Bailey   | Got a fine long sword
 13502 | Bailey   | Identified the +2 long sword of Discomfort {freeze, Int+2 SInv Stlth---} (You found it in a bailey)
 13748 | D:11     | Noticed a hill giant
 13887 | D:11     | Learned a level 4 spell: Petrify
 14112 | D:11     | Noticed a hill giant
 14255 | D:11     | Killed a hill giant
 14452 | D:11     | Noticed a hill giant
 14455 | D:11     | Killed a hill giant
 14579 | D:11     | Killed a hill giant
 14579 | D:11     | Reached skill level 13 in Earth Magic
 14579 | D:11     | Reached XP level 12. HP: 73/73 MP: 9/28
 14931 | Orc:1    | Entered Level 1 of the Orcish Mines
 15341 | Orc:2    | Offered knowledge of Poisonous Cloud by Vehumet.
 16105 | D:7      | Bought a book of the Earth for 910 gold pieces
 16113 | D:7      | Learned a level 6 spell: Iron Shot
 16222 | D:8      | Killed Qrupt's ghost
 16367 | Lair:1   | Entered Level 1 of the Lair of Beasts
 16614 | Lair:1   | Noticed Gastronok
 16827 | Lair:1   | Killed Gastronok
 17531 | Lair:1   | Reached skill level 14 in Earth Magic
 18210 | Lair:2   | Noticed a four-headed hydra
 18245 | Lair:2   | Killed a four-headed hydra
 18482 | Lair:2   | Identified a scroll of acquirement
 18686 | Lair:2   | Learned a level 5 spell: Bolt of Magma
 18764 | Lair:3   | Reached skill level 1 in Staves
 18764 | Lair:3   | Reached skill level 1 in Evocations
 19588 | Lair:3   | Reached XP level 13. HP: 64/78 MP: 17/30
 19641 | Lair:3   | Offered knowledge of Bolt of Draining by Vehumet.
 19789 | Lair:4   | Gained mutation: You are resistant to hostile enchantments. [potion of beneficial mutation]
 20083 | Lair:4   | Found a shimmering altar of Xom.
 20340 | Lair:4   | Found a staircase to the Swamp.
 21157 | Lair:5   | Gained mutation: You are covered in fur (AC +1). [potion of beneficial mutation]
 21532 | Lair:5   | Reached skill level 5 in Evocations
 21724 | Lair:5   | Noticed Maud
 21904 | Lair:5   | Killed Maud
 21904 | Lair:5   | Reached skill level 5 in Staves
 21904 | Lair:5   | Reached skill level 10 in Spellcasting
 22852 | Lair:6   | Found a hole to the Spider Nest.
 23348 | Lair:6   | Noticed Erica
 23351 | Lair:6   | Killed Erica
 23932 | Lair:7   | Noticed Harold
 23943 | Lair:7   | Killed Harold
 24242 | Lair:7   | Gained mutation: Your wings are large and strong. [gargoyle growth]
 24242 | Lair:7   | Reached XP level 14. HP: 80/84 MP: 24/32
 24551 | Lair:7   | Found a viscous altar of Jiyva.
 24552 | Lair:7   | Found a staircase to the Slime Pits.
 25107 | Lair:8   | Entered Level 8 of the Lair of Beasts
 25107 | Lair:8   | Noticed Nergalle
 25109 | Lair:8   | Killed Nergalle
 25172 | Lair:8   | Reached skill level 15 in Earth Magic
 25731 | Lair:8   | Offered knowledge of Delayed Fireball by Vehumet.
 26218 | Lair:8   | Reached skill level 10 in Conjurations
 26279 | Lair:8   | Reached skill level 1 in Shields
 27532 | Orc:2    | Reached skill level 5 in Shields
 27728 | Orc:2    | Noticed an orc warlord
 27903 | Orc:2    | Killed an orc warlord
 28118 | Orc:2    | Upgraded the game from 0.16-a0-44-gd96af6c to 0.16-a0-51-g3cd7026
 28188 | Orc:4    | Entered Level 4 of the Orcish Mines
 28223 | Orc:4    | Found a staircase to the Elven Halls.
 28594 | Orc:4    | Noticed an orc warlord
 28936 | Orc:4    | Offered knowledge of Conjure Ball Lightning by Vehumet.
 28948 | Orc:4    | Reached XP level 15. HP: 90/90 MP: 17/33
 29005 | Orc:4    | Reached skill level 10 in Staves
 29415 | Orc:4    | Killed an orc warlord
 29954 | Orc:4    | Found Saesyh's Antique Armour Shoppe.
 29955 | Orc:4    | Found Jeomiseh's Antique Weapon Shoppe.
 29956 | Orc:4    | Found Anivaom's General Store.
 29956 | Orc:4    | Found Usagha's Jewellery Emporium.
 29975 | Orc:4    | Jeomiseh's Antique Weapon Shoppe was a mimic.
 30175 | Orc:4    | Noticed Armakuni's ghost (powerful HuFi)
 30180 | Orc:4    | Killed Armakuni's ghost
 30510 | D:9      | Bought a scroll of remove curse for 45 gold pieces
 30510 | D:9      | Bought a scroll of remove curse for 45 gold pieces
 30510 | D:9      | Bought a scroll of remove curse for 45 gold pieces
 30812 | Spider:1 | Entered Level 1 of the Spider Nest
 30866 | Swamp:1  | Entered Level 1 of the Swamp
 31158 | Swamp:1  | Offered knowledge of Freezing Cloud by Vehumet.
 31633 | Swamp:1  | Learned a level 2 spell: Blink
 33398 | Swamp:3  | Offered knowledge of Orb of Destruction by Vehumet.
 33418 | Swamp:3  | Reached XP level 16. HP: 74/96 MP: 25/34
 33438 | Swamp:3  | Got a heavily runed large shield
 33441 | Swamp:3  | Identified the +0 large shield "Plua" {Contam rF++ Str+2 Int+3 Slay+6} (You found it on level 3 of the Swamp)
 33692 | Swamp:3  | Learned a level 6 spell: Deflect Missiles
 33751 | Swamp:3  | Noticed a thorn hunter
 34015 | Swamp:3  | Killed a thorn hunter
 34478 | Swamp:4  | Reached skill level 16 in Earth Magic
 34661 | Swamp:4  | Got a polished shield
 34673 | Swamp:4  | Identified the +1 shield of Whack-A-Mole {rElec rC++} (You acquired it on level 4 of the Swamp)
 35631 | Swamp:4  | Offered knowledge of Lehudib's Crystal Spear by Vehumet.
 35631 | Swamp:4  | Offered knowledge of Fire Storm by Vehumet.
 35631 | Swamp:4  | Offered knowledge of Glaciate by Vehumet.
 35986 | Swamp:5  | Entered Level 5 of the Swamp
 36670 | Swamp:5  | Reached XP level 17. HP: 97/100 MP: 19/35
 36959 | Swamp:5  | Got a decaying rune of Zot
 37038 | Swamp:5  | Reached skill level 17 in Earth Magic
 38224 | D:12     | Reached skill level 1 in Charms
 39514 | D:14     | Found a gate to the Vaults.
 39648 | D:14     | Found a labyrinth entrance.
 39690 | Lab      | Entered a labyrinth
 39877 | Lab      | Got a pitted brass ring
 39878 | Lab      | Got a fine helmet
 39878 | Lab      | Got a pair of fine gloves
 39886 | D:14     | Learned a level 3 spell: Regeneration
 39899 | D:14     | Identified the +1 helmet of Bitterness {MR+} (You found it in a labyrinth)
 39944 | D:14     | Identified the cursed -3 pair of gloves of Eternal Night {Str+2 Dex+2 Curse} (You found it in a labyrinth)
 40123 | D:14     | Identified the ring of Departure {MP+9 Str+2 Int+2} (You found it in a labyrinth)
 40191 | D:14     | Reached skill level 10 in Shields
 40555 | D:15     | Entered Level 15 of the Dungeon
 40755 | D:15     | Noticed Nessos
 40763 | D:15     | Killed Nessos
 40966 | D:15     | Reached XP level 18. HP: 95/105 MP: 37/37
 40993 | D:15     | Reached skill level 5 in Charms
 41026 | D:15     | Noticed Frances
 41061 | D:15     | Killed Frances
 41271 | D:15     | Found a staircase to the Depths.
 42095 | Spider:1 | Noticed Aizul
 42100 | Spider:1 | Killed Aizul
 42539 | Spider:1 | Found a roughly hewn altar of Beogh.
 43966 | Spider:3 | Noticed Agnes
 43970 | Spider:3 | Killed Agnes
 44829 | Spider:5 | Entered Level 5 of the Spider Nest
 45013 | Spider:5 | Noticed Kirke
 45019 | Spider:5 | Killed Kirke
 45312 | Spider:5 | Reached XP level 19. HP: 110/110 MP: 38/38
 46299 | Spider:5 | Got a gossamer rune of Zot
 46434 | Spider:5 | Reached skill level 18 in Earth Magic
 46710 | Lair:1   | Upgraded the game from 0.16-a0-51-g3cd7026 to 0.16-a0-66-gff12a3a
 46818 | D:9      | Noticed a lindwurm
 46820 | D:9      | Noticed a lindwurm
 46821 | D:9      | Killed a lindwurm
 46822 | D:9      | Noticed a lindwurm
 46822 | D:9      | Killed a lindwurm
 46823 | D:9      | Noticed a lindwurm
 46824 | D:9      | Killed a lindwurm
 46829 | D:9      | Killed a lindwurm
 46859 | D:9      | Got an encrusted cloak
 46874 | D:9      | Identified the cursed -4 cloak of Jashuc {Slay+5} (You found it on level 9 of the Dungeon)
 47020 | Elf:1    | Entered Level 1 of the Elven Halls
 47863 | Elf:2    | Gained mutation: You are agile. (Dex +2) [potion of beneficial mutation]
 48084 | Elf:2    | Reached skill level 15 in Spellcasting
 48112 | Elf:2    | Learned a level 8 spell: Lehudib's Crystal Spear
 48528 | Elf:2    | Found a shimmering altar of Xom.
 48932 | Elf:3    | Entered Level 3 of the Elven Halls
 49061 | Elf:3    | Identified the Incunabulum of Combed Thunderclap
 49089 | Elf:3    | Identified Ts'ui PĂȘn's Handbook of Forking Paths
 49110 | Elf:3    | Identified the Compendium of Of Sand
 50253 | Elf:3    | Got a sparkling jade ring
 50377 | Elf:3    | Reached skill level 15 in Conjurations
 50377 | Elf:3    | Reached XP level 20. HP: 52/116 MP: 40/40
 50709 | Elf:3    | Got a brightly glowing garnet amulet
 50719 | Elf:3    | Identified the ring "Reoryku" {Slay+5 Stlth-} (You took it off a deep elf annihilator on level 3 of the Elven Halls)
 50720 | Elf:3    | Identified the amulet of Icu Muca {rMut Str+3} (You took it off a deep elf death mage on level 3 of the Elven Halls)
 50867 | Elf:3    | Identified Sif Muna's Papyrus of the Voyage
 51101 | Elf:3    | Got a brightly glowing turquoise ring
 51105 | Elf:3    | Identified the ring of Smoferch {rPois Int+3 Stlth+} (You took it off a deep elf high priest on level 3 of the Elven Halls)
 51590 | Depths:1 | Entered Level 1 of the Depths
 52004 | D:9      | Bought the +4 moon troll leather armour {Spirit, MP+5 Regen} for 714 gold pieces
 52631 | Depths:1 | Noticed a golden dragon
 52635 | Depths:1 | Killed a golden dragon
 52635 | Depths:1 | Reached skill level 19 in Earth Magic
 53063 | Depths:1 | Found Mnoagg's Assorted Antiques.
 53091 | Depths:1 | Bought a potion of curing for 72 gold pieces
 53092 | Depths:1 | Bought a glowing blue potion for 32 gold pieces
 53313 | Depths:1 | Found a gateway to Hell.
 54063 | Swamp:4  | Got a diamond-studded scale mail
 54064 | Swamp:4  | Identified the cursed -8 scale mail of Inaction {+Fly} (You found it on level 4 of the Swamp)
 54672 | Depths:2 | Paralysed by a great orb of eyes for 5 turns
 54699 | Depths:2 | Reached skill level 15 in Shields
 54802 | Depths:2 | Found a gateway to a ziggurat.
 54980 | Depths:2 | Found a one-way gate to the infinite horrors of the Abyss.
 55343 | Depths:2 | Noticed Norris
 55352 | Depths:2 | Killed Norris
 55352 | Depths:2 | Reached XP level 21. HP: 116/120 MP: 10/41
 56605 | Depths:3 | Noticed Wiglaf
 56636 | Depths:3 | Killed Wiglaf
 56861 | Depths:3 | Found a portal to a secret trove of treasure.
 56879 | Depths:3 | You paid a toll of 6 scrolls of blinking to enter a treasure trove
 56880 | Trove    | Entered a treasure trove
 56888 | Trove    | Got an encrusted lajatang
 56937 | Depths:3 | Identified the +0 lajatang "Illeanum" {venom, +Blink rF+} (You found it in a treasure trove)
 58313 | Depths:3 | Learned a level 9 spell: Shatter
 58425 | Depths:3 | Found a one-way gate leading to the halls of Pandemonium.
 58731 | Depths:4 | Reached XP level 22. HP: 125/125 MP: 43/43
 58855 | Depths:4 | Noticed Jory
 59020 | Depths:4 | Reached skill level 20 in Earth Magic
 59040 | Depths:4 | Killed Jory
 59689 | Depths:4 | Reached skill level 21 in Earth Magic
 60155 | Depths:4 | Paralysed by a great orb of eyes for 5 turns
 60602 | Depths:5 | Entered Level 5 of the Depths
 60618 | Depths:5 | Reached skill level 22 in Earth Magic
 60638 | Depths:5 | Noticed the Enchantress
 60640 | Depths:5 | Killed the Enchantress
 60640 | Depths:5 | Reached skill level 1 in Air Magic
 61094 | Depths:5 | Got a faerie dragon armour
 61118 | Depths:5 | Identified the +4 faerie dragon armour {rN+ MP+7 Int-1 Slay+4} (You took it off the Enchantress on level 5 of the Depths)
 61655 | Depths:5 | Reached XP level 23. HP: 116/130 MP: 43/43
 62924 | Depths:5 | Reached skill level 10 in Fighting
 63172 | Depths:5 | Reached skill level 10 in Dodging
 63173 | Depths:5 | Found a gate to the Realm of Zot.
 63249 | Depths:5 | Got a transparent marble ring
 63351 | Depths:5 | Identified the ring "Liujah" {Ice +Inv Dex+2} (You took it off a green draconian on level 5 of the Depths)
 63508 | Depths:3 | Reached skill level 23 in Earth Magic
 63988 | D:6      | Bought a twisted buckler for 294 gold pieces
 63990 | D:6      | Identified the cursed -3 buckler of Giareumm {Str+2 Dex+4} (You bought it in a shop on level 6 of the Dungeon)
 64079 | D:7      | Bought a book of Wizardry for 420 gold pieces
 64089 | D:7      | Learned a level 6 spell: Haste
 64198 | D:9      | Bought a potion of curing for 32 gold pieces
 64198 | D:9      | Bought a potion of restore abilities for 48 gold pieces
 64198 | D:9      | Bought a potion of cancellation for 88 gold pieces
 64198 | D:9      | Bought a potion of heal wounds for 48 gold pieces
 64447 | Slime:1  | Entered Level 1 of the Pits of Slime
 64762 | Slime:5  | Gained mutation: Your vision is a little blurry. [a shining eye]
 64885 | Slime:6  | Entered Level 6 of the Pits of Slime
 64937 | Slime:6  | Noticed the royal jelly
 64979 | Slime:6  | Killed the royal jelly
 64979 | Slime:6  | Reached XP level 24. HP: 107/140 MP: 38/44
 65111 | Slime:6  | Slain by an acid blob

Action                   |  1- 3 |  4- 6 |  7- 9 | 10-12 | 13-15 | 16-18 | 19-21 | 22-24 || total
-------------------------+-------+-------+-------+-------+-------+-------+-------+-------++-------
Melee: Spear             |    53 |    40 |       |       |       |       |       |       ||    93
       Unarmed           |     5 |     4 |       |       |       |       |       |       ||     9
       Dagger            |       |    59 |   101 |       |       |       |       |       ||   160
       Quarterstaff      |       |       |     4 |       |       |       |       |       ||     4
       Cutlass           |       |       |       |   102 |       |       |       |       ||   102
       Long sword        |       |       |       |    85 |       |    29 |    38 |       ||   152
       Staff             |       |       |       |    68 |  1117 |  1483 |   914 |   787 ||  4369
       Lajatang          |       |       |       |       |       |       |     9 |       ||     9
 Cast: Sandblast         |    47 |    63 |    63 |    33 |       |       |       |       ||   206
       Stone Arrow       |       |    23 |    47 |   286 |   149 |    83 |    20 |     1 ||   609
       Lee's Rapid Decon |       |       |    23 |    53 |    18 |    12 |    22 |       ||   128
       Stoneskin         |       |       |       |     2 |     1 |       |       |       ||     3
       Passwall          |       |       |       |     1 |       |       |       |       ||     1
       Iron Shot         |       |       |       |    40 |   147 |   165 |   159 |    78 ||   589
       Petrify           |       |       |       |     2 |     6 |     7 |     4 |     1 ||    20
       Bolt of Magma     |       |       |       |       |    91 |   126 |   142 |    84 ||   443
       Lehudib's Crystal |       |       |       |       |       |       |    40 |    21 ||    61
       Regeneration      |       |       |       |       |       |       |    12 |    10 ||    22
       Shatter           |       |       |       |       |       |       |       |    18 ||    18
       Deflect Missiles  |       |       |       |       |       |       |       |     8 ||     8
       Haste             |       |       |       |       |       |       |       |     1 ||     1
 Abil: Fly               |       |       |       |       |     1 |     3 |     1 |       ||     5
       Stop Flying       |       |       |       |       |       |       |     1 |       ||     1
Evoke: Wand              |       |       |       |     8 |     3 |     4 |     1 |       ||    16
  Use: Scroll            |       |    11 |     1 |     8 |    13 |    17 |    17 |     8 ||    75
       Potion            |       |       |     5 |     7 |     7 |     2 |     3 |     6 ||    30
 Stab: Sleeping          |       |     3 |     2 |       |     3 |     4 |     3 |       ||    15
       Petrifying        |       |       |       |       |     1 |     1 |       |       ||     2
       Confused          |       |       |       |       |     1 |       |       |       ||     1
       Held in net/web   |       |       |       |       |       |     1 |       |       ||     1
       Distracted        |       |       |       |       |       |       |     3 |     1 ||     4
       Petrified         |       |       |       |       |       |       |     1 |       ||     1
  Eat: Meat ration       |     1 |       |       |       |       |       |       |       ||     1
       Chunk             |       |    10 |    19 |    47 |   101 |    71 |    61 |    23 ||   332
       Beef jerky        |       |       |     1 |       |       |     4 |     1 |       ||     6
       Bread ration      |       |       |       |     2 |       |       |       |     2 ||     4
       Fruit             |       |       |       |     1 |       |     1 |     8 |     2 ||    12
       Royal jelly       |       |       |       |     1 |       |       |       |       ||     1
       Pizza             |       |       |       |       |     3 |       |     2 |     1 ||     6
